AoeStats
← cvlp

Arena

508508747Analyzed
2v2 RM · 10d ago on Sep 22, 2026· 50m 54s· 4 players
Game mode
Random Map
Map size
Medium (4 player)
Population
200
Speed
Normal
Resources
Standard
Victory
Conquest
Starting age
Dark Age
Ending age
Imperial Age
RankedLock teamsTeams togetherTeam positionsShared explorationLock speedFull tech treeHidden civsTurbo modeCheats
Victory
Defeat
🇳🇴 Malay · Norway
1343
+18
🇳🇴 Hindustanis · Norway
1322
+18
🇨🇳 Saxons · China
1402
-19
🇨🇳 Varangians · China
1351
-17
RunToTheMills
8:36 Feudal Age
8:05 Horse Collar
8:14 Double-Bit Axe
15:08 Wheelbarrow
17:17 Castle Age
15:11 Loom
17:47 Bow Saw
20:00 Gold Mining
21:54 Squires
22:53 Arson
23:21 Forging
25:12 Iron Casting
27:23 Heavy Plow
32:58 Imperial Age
32:04 Fletching
34:30 Gold Shaft Mining
33:59 Elite Karambit Warrior
37:00 Blast Furnace
35:49 Town Watch
36:02 Stone Mining
37:25 Crop Rotation
37:38 Hand Cart
37:24 Man-at-Arms
38:13 Long Swordsman
39:15 Conscription
39:48 Conscription
39:16 Two-Handed Swordsman
40:15 Masonry
42:24 Pikeman
43:02 Halberdier
45:30 Siege Engineers
46:27 Chemistry
47:40 Murder Holes
49:24 Bodkin Arrow
49:55 Treadmill Crane
50:54 Stone Shaft Mining
SlasK
5:04 Loom
10:45 Feudal Age
17:09 Castle Age
15:53 Horse Collar
16:05 Gold Mining
17:19 Double-Bit Axe
19:29 Heavy Plow
23:05 Bloodlines
23:01 Scale Barding Armor
28:56 Imperial Age
26:12 Town Watch
27:06 Forging
28:05 Wheelbarrow
27:26 Stone Mining
28:03 Husbandry
29:03 Hand Cart
29:59 Gold Shaft Mining
30:16 Chain Barding Armor
29:24 Heavy Camel Rider
31:24 Grand Trunk Road
31:11 Imperial Camel Rider
33:33 Conscription
33:58 Chain Barding Armor
37:34 Chemistry
36:41 Town Patrol
36:45 Shatagni
37:28 Plate Barding Armor
46:27 Padded Archer Armor
49:38 Fletching
cvlp
1:44 Loom
10:49 Feudal Age
11:31 Double-Bit Axe
11:50 Loom
14:47 Castle Age
12:56 Horse Collar
24:33 Wheelbarrow
24:03 Scale Mail Armor
25:25 Bow Saw
29:32 Imperial Age
27:27 Hand Cart
27:43 Gambesons
27:59 Squires
28:10 Forging
27:50 Town Watch
28:04 Arson
28:37 Chain Mail Armor
28:25 Gold Mining
28:26 Stone Mining
29:34 Iron Casting
28:51 Fletching
31:11 Plate Mail Armor
30:27 Elite Varangian Guard
32:49 Blast Furnace
32:19 Conscription
31:47 Capped Ram
31:57 Gothikon
33:08 Heavy Plow
33:44 Siege Ram
36:22 Siege Engineers
37:04 Town Patrol
36:57 Vendel Legacy
37:48 Scale Barding Armor
39:48 Chain Barding Armor
39:41 Cavalier
40:22 Husbandry
40:32 Bloodlines
41:50 Plate Barding Armor
49:25 Light Cavalry
Moririnnx
10:31 Feudal Age
14:33 Castle Age
12:32 Double-Bit Axe
13:08 Horse Collar
15:45 Bow Saw
19:27 Loom
22:27 Stone Mining
25:14 Wheelbarrow
24:57 Town Watch
25:27 Gold Mining
26:19 Hand Cart
26:27 Murder Holes
27:43 Town Patrol
28:20 Gold Shaft Mining
28:08 Scale Mail Armor
31:09 Ballistics
33:44 Imperial Age
32:37 Fletching
33:23 Bodkin Arrow
Connection lost

Rejoining the realm…

Still unreachable

The connection could not be restored.

Session expired

The server has moved on; the page needs a fresh start.